HSSL
MOUNTAIN POINTE HS @ EVANS HS KNIGHTS
05/11/2030
 
TOP OF THE 1ST
Mountain Pointe HS batting - Pitching for Evans HS Knights : RHP Bill Hunt
Pitching: RHP Bill Hunt
Batting: LHB Jesús Romero 0-0: Ball
1-0: Ball
2-0: DOUBLE (Flyball, 89D)
Batting: RHB Reggie Snyder 0-0: Foul Ball, location: 2F
0-1: Ball
1-1: Ball
2-1: Ball
3-1: Base on Balls
Batting: LHB Jeff Turner 0-0: Ball
1-0: Called Strike
1-1: Ball
2-1: Ball
3-1: Base on Balls
Jesús Romero to third
Reggie Snyder to second
Batting: RHB Vince Scovell 0-0: Called Strike
0-1: Swinging Strike
0-2: Ball
1-2: Strikes out swinging
Batting: RHB Matt Lehman 0-0: Ball
1-0: SINGLE (Groundball, 56D)
Jesús Romero scores
Reggie Snyder to third
Jeff Turner to second
Batting: SHB Zach Weaver 0-0: Ball
1-0: Called Strike
1-1: Foul Ball, location: 2F
1-2: Ball
2-2: SINGLE (Groundball, 56D)
Reggie Snyder scores
Jeff Turner to third
Matt Lehman to second
Batting: LHB Aaron Lancaster 0-0: Ball
1-0: GRAND SLAM HOME RUN (Flyball, 9LD), Distance : 354 ft
Batting: RHB Mark Fry 0-0: SINGLE (Line Drive, 6M)
Batting: RHB David Page 0-0: Ball
1-0: Called Strike
1-1: Called Strike
1-2: Foul Ball, location: 2F
1-2: Foul Ball, location: 2F
1-2: Foul Ball, location: 2F
1-2: Fly out, F9 (Flyball, 9LMF)
Batting: LHB Jesús Romero 0-0: Called Strike
0-1: Foul Ball, location: 2F
0-2: SINGLE (Groundball, 6S) (infield hit)
Mark Fry to second
Batting: RHB Reggie Snyder 0-0: Called Strike
0-1: SINGLE (Groundball, 34D)
Mark Fry to third
Jesús Romero to second
Runner from 3rd tries for Home, throw and OUT!
Top of the 1st over - 6 runs, 7 hits, 0 errors, 2 left on base; Mountain Pointe HS 6 - Evans HS 0
BOTTOM OF THE 1ST
Evans HS Knights batting - Pitching for Mountain Pointe HS : RHP Gerald Wilson
Pitching: RHP Gerald Wilson
Batting: RHB Scott Wells 0-0: Called Strike
0-1: Ball
1-1: Foul Ball, location: 2F
1-2: Hit by Pitch
Batting: RHB Bob McCormack 0-0: Called Strike
0-1: Swinging Strike
Scott Wells steals 2nd base
0-2: Ball
1-2: Strikes out swinging
Batting: LHB Thierry Dufresne 0-0: Ball
1-0: Ball
2-0: Ball
3-0: Base on Balls
Batting: RHB Deron Rolen 0-0: Ball
1-0: Swinging Strike
1-1: Ball
2-1: Foul Ball, location: 2F
2-2: Foul Ball, location: 2F
2-2: Strikes out swinging
Batting: RHB Jim Klockow 0-0: Fly out, F3 (Popup, 34)
Bottom of the 1st over - 0 runs, 0 hits, 0 errors, 2 left on base; Mountain Pointe HS 6 - Evans HS 0
TOP OF THE 2ND
Mountain Pointe HS batting - Pitching for Evans HS Knights : RHP Bill Hunt
Batting: LHB Jeff Turner 0-0: Called Strike
0-1: Ball
1-1: Ball
2-1: Ball
3-1: Fly out, F5 (Popup, 56S)
Batting: RHB Vince Scovell 0-0: Ball
1-0: Ball
2-0: Ball
3-0: Called Strike
3-1: Fly out, F6 (Line Drive, 6)
Batting: RHB Matt Lehman 0-0: Ball
1-0: Ball
2-0: Called Strike
2-1: Fly out, F7 (Flyball, 7S)
Top of the 2nd over - 0 runs, 0 hits, 0 errors, 0 left on base; Mountain Pointe HS 6 - Evans HS 0
BOTTOM OF THE 2ND
Evans HS Knights batting - Pitching for Mountain Pointe HS : RHP Gerald Wilson
Batting: LHB Pedro González 0-0: Foul Ball, location: 2F
0-1: Swinging Strike
0-2: Ball
1-2: Ball
2-2: Foul Ball, location: 2F
2-2: Foul Ball, location: 2F
2-2: Foul Ball, location: 2F
2-2: Strikes out swinging
Batting: RHB Alex Badger 0-0: Foul Ball, location: 2F
0-1: Ball
1-1: Called Strike
1-2: Strikes out swinging
Batting: SHB Powell Phillips 0-0: Hit by Pitch
Batting: RHB Dominic Veillette 0-0: Ball
1-0: Fly out, F8 (Flyball, 8RD)
Bottom of the 2nd over - 0 runs, 0 hits, 0 errors, 1 left on base; Mountain Pointe HS 6 - Evans HS 0
TOP OF THE 3RD
Mountain Pointe HS batting - Pitching for Evans HS Knights : RHP Bill Hunt
Batting: SHB Zach Weaver 0-0: Foul Ball, location: 2F
0-1: Ball
1-1: Ground out U3 (Groundball, 3)
Batting: LHB Aaron Lancaster 0-0: Foul Ball, location: 2F
0-1: Swinging Strike
0-2: Foul Ball, location: 2F
0-2: Foul Ball, location: 2F
0-2: Foul Ball, location: 2F
0-2: Ball
1-2: Strikes out swinging
Batting: RHB Mark Fry 0-0: Ground out 1-3 (Groundball, 13)
Top of the 3rd over - 0 runs, 0 hits, 0 errors, 0 left on base; Mountain Pointe HS 6 - Evans HS 0
BOTTOM OF THE 3RD
Evans HS Knights batting - Pitching for Mountain Pointe HS : RHP Gerald Wilson
Batting: RHB Scott Wells 0-0: Foul Ball, location: 2F
0-1: Fly out, F3 (Popup, 3S)
Batting: RHB Bob McCormack 0-0: DOUBLE (Line Drive, 8LD)
Batting: LHB Thierry Dufresne 0-0: Fly out, F8 (Flyball, 8RD)
Batting: RHB Deron Rolen 0-0: Ball
1-0: Swinging Strike
1-1: Ball
2-1: Ball
3-1: Ground out 1-3 (Groundball, 13)
Bottom of the 3rd over - 0 runs, 1 hit, 0 errors, 1 left on base; Mountain Pointe HS 6 - Evans HS 0
TOP OF THE 4TH
Mountain Pointe HS batting - Pitching for Evans HS Knights : RHP Bill Hunt
Batting: RHB David Page 0-0: Swinging Strike
0-1: SINGLE (Flyball, 89M)
Batting: LHB Jesús Romero 0-0: Called Strike
0-1: Fly out, F8 (Flyball, 78M)
Batting: RHB Reggie Snyder 0-0: Fly out, F8 (Flyball, 8LM)
Batting: LHB Jeff Turner 0-0: Called Strike
0-1: Ball
1-1: Ball
2-1: Ball
3-1: Foul Ball, location: 2F
3-2: 2-RUN HOME RUN (Flyball, 89XD), Distance : 408 ft
Batting: RHB Vince Scovell 0-0: Called Strike
0-1: Ball
1-1: Swinging Strike
1-2: Strikes out swinging
Top of the 4th over - 2 runs, 2 hits, 0 errors, 0 left on base; Mountain Pointe HS 8 - Evans HS 0
BOTTOM OF THE 4TH
Evans HS Knights batting - Pitching for Mountain Pointe HS : RHP Gerald Wilson
Batting: RHB Jim Klockow 0-0: Foul Ball, location: 2F
0-1: Foul Ball, location: 2F
0-2: Ball
1-2: Foul Ball, location: 2F
1-2: Ball
2-2: Foul Ball, location: 2F
2-2: Foul Ball, location: 2F
2-2: Ball
3-2: SINGLE (Groundball, 6MD)
Pitching: RHP Nick Simmons
Batting: LHB Pedro González 0-0: Ball
1-0: Foul Ball, location: 2F
1-1: Foul Ball, location: 2F
1-2: Foul Ball, location: 2F
1-2: Hit by Pitch
Jim Klockow to second
Batting: RHB Alex Badger 0-0: Called Strike
0-1: Ball
1-1: Called Strike
1-2: Hit by Pitch
Jim Klockow to third
Pedro González to second
Batting: SHB Powell Phillips 0-0: Ball
1-0: Swinging Strike
1-1: Ball
2-1: Ball
3-1: Base on Balls
Jim Klockow scores
Pedro González to third
Alex Badger to second
Batting: RHB Dominic Veillette 0-0: Called Strike
0-1: Foul Ball, location: 2F
0-2: Strikes out swinging
Batting: RHB Scott Wells 0-0: Swinging Strike
0-1: Called Strike
0-2: Ball
1-2: Strikes out swinging
Batting: RHB Bob McCormack 0-0: Ball
1-0: Called Strike
1-1: Foul Ball, location: 2F
1-2: Ball
2-2: Strikes out swinging
Bottom of the 4th over - 1 run, 1 hit, 0 errors, 3 left on base; Mountain Pointe HS 8 - Evans HS 1
TOP OF THE 5TH
Mountain Pointe HS batting - Pitching for Evans HS Knights : RHP Bill Hunt
Batting: RHB Matt Lehman 0-0: Swinging Strike
0-1: Ball
1-1: Ground out 3-1 (Groundball, 34S)
Pitching: LHP Jim Hayes
Batting: SHB Zach Weaver 0-0: Ball
1-0: Ball
2-0: Ball
3-0: Base on Balls
Batting: LHB Aaron Lancaster 0-0: Ball
1-0: Called Strike
1-1: Called Strike
1-2: Ball
2-2: Foul Ball, location: 2F
2-2: Foul Ball, location: 2F
2-2: Strikes out swinging
Batting: RHB Mark Fry 0-0: Ball
1-0: Swinging Strike
1-1: Foul Ball, location: 2F
1-2: Strikes out looking
Top of the 5th over - 0 runs, 0 hits, 0 errors, 1 left on base; Mountain Pointe HS 8 - Evans HS 1
BOTTOM OF THE 5TH
Evans HS Knights batting - Pitching for Mountain Pointe HS : RHP Nick Simmons
Batting: LHB Thierry Dufresne 0-0: Ground out 6-3 (Groundball, 56)
Batting: RHB Deron Rolen 0-0: Called Strike
0-1: Foul Ball, location: 2F
0-2: Foul Ball, location: 2F
0-2: Strikes out swinging
Batting: RHB Jim Klockow 0-0: Fly out, F6 (Flyball, 56D)
Bottom of the 5th over - 0 runs, 0 hits, 0 errors, 0 left on base; Mountain Pointe HS 8 - Evans HS 1
TOP OF THE 6TH
Mountain Pointe HS batting - Pitching for Evans HS Knights : LHP Jim Hayes
Batting: RHB David Page 0-0: Called Strike
0-1: Foul Ball, location: 2F
0-2: Fly out, F7 (Flyball, 7LS)
Batting: LHB Jesús Romero 0-0: Foul Ball, location: 2F
0-1: Foul Ball, location: 2F
0-2: Ball
1-2: Foul Ball, location: 2F
1-2: Ball
2-2: Strikes out looking
Batting: RHB Reggie Snyder 0-0: Ball
1-0: Called Strike
1-1: SINGLE (Groundball, 6MD)
Batting: LHB Jeff Turner 0-0: Ball
1-0: Ball
2-0: Called Strike
2-1: Foul Ball, location: 2F
2-2: Fly out, F4 (Popup, 13)
Top of the 6th over - 0 runs, 1 hit, 0 errors, 1 left on base; Mountain Pointe HS 8 - Evans HS 1
BOTTOM OF THE 6TH
Evans HS Knights batting - Pitching for Mountain Pointe HS : RHP Nick Simmons
Batting: LHB Pedro González 0-0: Ball
1-0: Called Strike
1-1: Ball
2-1: Called Strike
2-2: SINGLE (Line Drive, 4D)
Batting: RHB Alex Badger 0-0: Ball
1-0: Ball
2-0: Ball
3-0: Base on Balls
Pedro González to second
Batting: SHB Powell Phillips 0-0: Ball
1-0: Fielders Choice at 2nd, 4-6 (Groundball, 4M)
Pedro González to third
Batting: RHB Dominic Veillette 0-0: Ball
1-0: Grounds into double play, 4-6-3 (Groundball, 4)
Bottom of the 6th over - 0 runs, 1 hit, 0 errors, 1 left on base; Mountain Pointe HS 8 - Evans HS 1
TOP OF THE 7TH
Mountain Pointe HS batting - Pitching for Evans HS Knights : LHP Jim Hayes
Batting: RHB Vince Scovell 0-0: SOLO HOME RUN (Flyball, 7LD), Distance : 346 ft
Batting: RHB Matt Lehman 0-0: Ball
1-0: Fly out, F7 (Flyball, 7)
Batting: SHB Zach Weaver 0-0: Called Strike
0-1: Foul Ball, location: 2F
0-2: Foul Ball, location: 2F
0-2: Fly out, F9 (Flyball, 9S)
Batting: LHB Aaron Lancaster 0-0: Called Strike
0-1: Ball
1-1: Ball
2-1: Ball
3-1: SINGLE (Groundball, 34S) (infield hit)
Batting: RHB Mark Fry 0-0: Swinging Strike
0-1: Foul Ball, location: 2F
0-2: Ball
1-2: Strikes out swinging
Top of the 7th over - 1 run, 2 hits, 0 errors, 1 left on base; Mountain Pointe HS 9 - Evans HS 1
BOTTOM OF THE 7TH
Evans HS Knights batting - Pitching for Mountain Pointe HS : RHP Nick Simmons
Pitching: LHP Dan Baker
Batting: RHB Scott Wells 0-0: Called Strike
0-1: Called Strike
0-2: Ball
1-2: Strikes out swinging
Batting: RHB Bob McCormack 0-0: Called Strike
0-1: Swinging Strike
0-2: Strikes out swinging
Batting: LHB Thierry Dufresne 0-0: Called Strike
0-1: Ground out 4-3 (Groundball, 4)
Bottom of the 7th over - 0 runs, 0 hits, 0 errors, 0 left on base; Mountain Pointe HS 9 - Evans HS 1
TOP OF THE 8TH
Mountain Pointe HS batting - Pitching for Evans HS Knights : LHP Jim Hayes
Batting: RHB David Page 0-0: Ball
1-0: Called Strike
1-1: Ball
2-1: Swinging Strike
2-2: Strikes out swinging
Batting: LHB Jesús Romero 0-0: Ball
1-0: Ball
2-0: Called Strike
2-1: SINGLE (Groundball, 34D)
Batting: RHB Reggie Snyder 0-0: SINGLE (Groundball, 34D)
Jesús Romero to second
Runner from 2nd tries for 3rd, OUT!
Batting: LHB Jeff Turner 0-0: Swinging Strike
0-1: Ball
1-1: Ball
2-1: Foul Ball, location: 2F
2-2: Fly out, F7 (Flyball, 7LS)
Top of the 8th over - 0 runs, 2 hits, 0 errors, 1 left on base; Mountain Pointe HS 9 - Evans HS 1
BOTTOM OF THE 8TH
Evans HS Knights batting - Pitching for Mountain Pointe HS : LHP Dan Baker
Batting: RHB Deron Rolen 0-0: Ball
1-0: Ball
2-0: Ball
3-0: Called Strike
3-1: Ground out 5-3 (Groundball, 56)
Batting: RHB Jim Klockow 0-0: Ball
1-0: Ball
2-0: Ball
3-0: Called Strike
3-1: Foul Ball, location: 2F
3-2: Base on Balls
Batting: LHB Pedro González 0-0: SINGLE (Line Drive, 8RS)
Jim Klockow to second
Batting: RHB Alex Badger 0-0: Called Strike
0-1: Swinging Strike
0-2: Foul Ball, location: 2F
0-2: Ball
1-2: Ball
2-2: Strikes out swinging
Batting: SHB Powell Phillips 0-0: Called Strike
0-1: Fly out, F9 (Line Drive, 89D)
Bottom of the 8th over - 0 runs, 1 hit, 0 errors, 2 left on base; Mountain Pointe HS 9 - Evans HS 1
TOP OF THE 9TH
Mountain Pointe HS batting - Pitching for Evans HS Knights : LHP Jim Hayes
Batting: RHB Vince Scovell 0-0: Ball
1-0: Ball
2-0: SINGLE (Flyball, 89M)
Pitching: RHP Cameron Gorringe
Batting: RHB Matt Lehman 0-0: Ball
1-0: Called Strike
1-1: Called Strike
1-2: Ball
2-2: Strikes out looking
Batting: SHB Zach Weaver 0-0: Ball
1-0: Swinging Strike
1-1: Swinging Strike
1-2: Strikes out swinging
Batting: LHB Aaron Lancaster 0-0: Called Strike
0-1: Ball
1-1: Swinging Strike
1-2: Ball
2-2: Foul Ball, location: 2F
2-2: Foul Ball, location: 2F
2-2: Strikes out swinging
Top of the 9th over - 0 runs, 1 hit, 0 errors, 1 left on base; Mountain Pointe HS 9 - Evans HS 1
BOTTOM OF THE 9TH
Evans HS Knights batting - Pitching for Mountain Pointe HS : LHP Dan Baker
Now in LF: Mike Ware
Batting: RHB Dominic Veillette 0-0: Ball
1-0: Ball
2-0: Ball
3-0: Base on Balls
Batting: RHB Scott Wells 0-0: Ball
1-0: Fly out, F6 (Popup, 6)
Batting: RHB Bob McCormack 0-0: Called Strike
0-1: Ball
1-1: Ground out 3-1 (Groundball, 34S)
Dominic Veillette to second
Batting: LHB Thierry Dufresne 0-0: Ball
1-0: Ball
2-0: Ball
3-0: Base on Balls
Batting: RHB Deron Rolen 0-0: Fielders Choice at 2nd, 5-4 (Groundball, 56)
Bottom of the 9th over - 0 runs, 0 hits, 0 errors, 2 left on base; Mountain Pointe HS 9 - Evans HS 1
Saturday, April 7th, 2018 - OOTP Baseball 18.8 Build 76